 Dungeon Crawl Stone Soup version 0.29-a0-322-g68df515428 (webtiles) character file.

Game seed: 11006689359336394550

10850 greenreed the Nimble (level 11, -6/87 HPs)
             Began as a Gnoll Arcane Marksman on Apr 8, 2022.
             Was a Believer of Ashenzari.
             Mangled by Snorg (8 damage)
             ... on level 11 of the Dungeon.
             The game lasted 01:00:23 (9694 turns).

greenreed the Nimble (Gnoll Arcane Marksman)        Turns: 9694, Time: 01:00:24

Health: -6/87      AC: 19    Str:  9    XL:     11   Next: 68%
Magic:  0/23       EV: 14    Int: 20    God:    Ashenzari [**....]
Gold:   171        SH:  0    Dex: 13    Spells: 19/26 levels left

rFire   . . .      SeeInvis +   d - +2 hunting sling (freeze)
rCold   . . .      Faith    .   (no shield)
rNeg    . . .      Spirit   +   r - +1 leather armour of Context {Regen+ Int+3}
rPois   .          Reflect  .   m - +2 helmet
rElec   .          Harm     .   n - +0 cloak of Ashenzari's Portent {Comp, Bglg} (curse)
rCorr   +          Rampage  .   H - +2 pair of gloves "Elitism of the Welkin" {Self, Range} (curse)
Will    .....                   G - +1 pair of boots "Behold Eternity" {Elem, Range} (curse)
Stlth   +++.......              s - amulet of guardian spirit
HPRegen 1.04/turn               j - +4 ring of protection
MPRegen 0.18/turn               E - ring of resist corrosion

@: no status effects
A: fangs 1, strong nose, distributed training
a: Renounce Religion, Curse Item, Shatter the Chains


You were on level 11 of the Dungeon.
You worshipped Ashenzari.
Ashenzari was pleased with you.
You visited 2 branches of the dungeon, and saw 12 of its levels.

You collected 536 gold pieces.
You spent 365 gold pieces at shops.

Inventory:

Hand Weapons
 a - a +0 hand crossbow
 d - a +2 hunting sling of freezing (weapon)
 L - a +0 demon whip
 M - a +2 demon whip of venom
Missiles
 y - 4 atropa-tipped darts
 D - a throwing net
 K - 6 poisoned darts
Armour
 b - a +0 robe
 h - a scarf of shadows
 m - a +2 helmet (worn)
 n - the cursed +0 cloak of Ashenzari's Portent (worn) {Comp, Bglg}
   (You found it on level 2 of the Dungeon)

   It has a curse which improves the following skills: Companions: Summonings
   and Necromancy.
   Beguiling: Conjurations, Hexes and Translocations.
 r - the +1 leather armour of Context (worn) {Regen+ Int+3}
   (You found it on level 4 of the Dungeon)

   Int:       It affects your intelligence (+3).
   Regen:     It increases your rate of health regeneration.
 v - a +0 pair of gloves
 z - +0 steam dragon scales
 G - the cursed +1 pair of boots "Behold Eternity" (worn) {Elem, Range}
   (You bought it in a shop on level 8 of the Dungeon)

   It has a curse which improves the following skills: Elements: Fire Magic, Ice
   Magic, Air Magic and Earth Magic.
   Ranged Combat: Slings, Bows, Crossbows and Throwing.
 H - the cursed +2 pair of gloves "Elitism of the Welkin" (worn) {Self, Range}
   (You found it on level 9 of the Dungeon)

   It has a curse which improves the following skills: Introspection: Fighting
   and Spellcasting.
   Ranged Combat: Slings, Bows, Crossbows and Throwing.
 I - a +1 hat
Jewellery
 j - a +4 ring of protection (left hand)
 s - an amulet of guardian spirit (around neck)
 E - a ring of resist corrosion (right hand)
Scrolls
 c - 2 scrolls of vulnerability
 e - 2 scrolls of noise
 f - 7 scrolls of teleportation
 i - 5 scrolls of immolation
 k - a scroll of holy word
 l - 6 scrolls of enchant armour
 p - a scroll of enchant weapon
 u - 3 scrolls of silence
 A - 2 scrolls of amnesia
 B - a scroll of blinking
 C - 7 scrolls of identify
Potions
 g - 2 potions of might
 o - a potion of flight
 q - a potion of cancellation
 t - 2 potions of curing
 w - 2 potions of brilliance
 x - a potion of attraction
 F - 2 potions of degeneration
Miscellaneous
 J - a box of beasts (inert)


   Skills:
 + Level 7.1(8.3) Fighting
 + Level 6.5 Short Blades
 + Level 6.5 Long Blades
 + Level 6.5 Axes
 + Level 6.5 Maces & Flails
 + Level 6.5 Polearms
 + Level 6.5 Staves
 + Level 6.5(8.4) Slings
 + Level 6.5(8.4) Bows
 + Level 8.0(10.0) Crossbows
 + Level 6.5(8.4) Throwing
 + Level 6.5 Armour
 + Level 8.0 Dodging
 + Level 6.5 Stealth
 + Level 6.5 Shields
 + Level 6.5 Unarmed Combat
 + Level 7.2(8.4) Spellcasting
 + Level 5.4(6.6) Conjurations
 + Level 7.8(9.1) Hexes
 + Level 5.4(6.6) Summonings
 + Level 5.4(6.6) Necromancy
 + Level 5.4(6.6) Translocations
 + Level 5.4 Transmutations
 + Level 5.4(6.6) Fire Magic
 + Level 5.4(6.6) Ice Magic
 + Level 5.4(6.6) Air Magic
 + Level 5.4(6.6) Earth Magic
 + Level 5.4 Poison Magic
 + Level 7.1 Invocations
 + Level 6.5 Evocations


You had 19 spell levels left.
You knew the following spells:

 Your Spells              Type           Power      Damage    Failure   Level
a - Slow                  Hex            100%       N/A       1%          1
b - Ensorcelled Hibernat  Hex/Ice        80%        N/A       1%          2
c - Summon Lightning Spi  Summ/Air       35%        N/A       7%          4

Your spell library contained the following spells:

 Spells                   Type           Power      Damage    Failure   Level
 Foxfire                  Conj/Fire      100%       2x1d9     1%          1
 Magic Dart               Conj           100%       1d8       1%          1
 Sting                    Tmut/Pois      100%       1d8       1%          1
 Blink                    Tloc           70%        N/A       1%          2
 Call Imp                 Summ           35%        N/A       1%          2
 Poisonous Vapours        Pois/Air       64%        N/A       1%          2
 Confusing Touch          Hex            44%        N/A       1%          3
 Conjure Flame            Conj/Fire      35%        6-21      1%          3
 Inner Flame              Hex/Fire       40%        N/A       1%          3
 Lesser Beckoning         Tloc           35%        N/A       1%          3
 Portal Projectile        Hex/Tloc       80%        N/A       1%          3
 Vampiric Draining        Necr           35%        2d8       1%          3
 Mephitic Cloud           Conj/Pois/Air  33%        N/A       2%          3
 Cause Fear               Hex            22%        N/A       2%          4
 Spider Form              Tmut/Pois      30%        N/A       3%          3
 Anguish                  Hex/Necr       20%        N/A       4%          4
 Animate Armour           Summ/Erth      70%        N/A       7%          4
 Flame Wave               Conj/Fire      35%        2d8       7%          4
 Olgreb's Toxic Radiance  Pois           30%        N/A       12%         4
 Manifold Assault         Tloc           35%        N/A       19%         5
 Blade Hands              Tmut           15%        N/A       32%         5
 Iron Shot                Conj/Erth      17%        9d4       71%         6
 Dragon Form              Tmut           15%        N/A       100%        7
 Storm Form               Tmut/Air       16%        N/A       100%        7
 Maxwell's Capacitive Co  Air            17%        ∞         100%        8
 Dragon's Call            Summ           17%        N/A       100%        9


Dungeon Overview and Level Annotations

Branches:
Dungeon (11/15)            Temple (1/1) D:5            Lair (0/6) D:9
    Orc: D:9-12

Altars:
Ashenzari
Cheibriados
Dithmenos
Elyvilon
Fedhas
Gozag
Hepliaklqana
Kikubaaqudgha
Makhleb
Nemelex Xobeh
Okawaru
Qazlal
Ru
Sif Muna
Trog
Uskayaw
Vehumet
Wu Jian
Xom
Yredelemnul
Zin
The Shining One

Shops:
D:8 [?!   D:9 *

Annotations:
D:11 Snorg


Innate Abilities, Weirdness & Mutations

You have very sharp teeth.
Your uncanny sense of smell can sniff out nearby items.
Your experience applies equally to all skills.


Message History

Snorg easily resists.
The howler monkey hits your lightning spire but does no damage.
The howler monkey barely misses your lightning spire.
Casting: Slow (safe; 1% risk of failure)
Confirm with . or Enter, or press ? or * to list all spells.
Aiming: Slow (safe; 1% risk of failure)
Press: ? - help, Shift-Dir - straight line, f/p - Snorg
Aim: Snorg (moderately wounded, ally target, chance to affect: 29%) Snorg easily resists.
Snorg barely misses you. Snorg claws you! x2
Casting: Slow (safe; 1% risk of failure)
Confirm with . or Enter, or press ? or * to list all spells.
Aiming: Slow (safe; 1% risk of failure)
Press: ? - help, Shift-Dir - straight line, f/p - Snorg
Aim: Snorg (moderately wounded, ally target, chance to affect: 29%) Snorg easily resists.
Snorg misses you. Snorg barely misses you. Snorg claws you!
Casting: Slow (safe; 1% risk of failure)
Confirm with . or Enter, or press ? or * to list all spells.
Aiming: Slow (safe; 1% risk of failure)
Press: ? - help, Shift-Dir - straight line, f/p - Snorg
Aim: Snorg (moderately wounded, ally target, chance to affect: 29%) Snorg easily resists.
Snorg goes berserk!
Casting: Slow (safe; 1% risk of failure)
Confirm with . or Enter, or press ? or * to list all spells.
Aiming: Slow (safe; 1% risk of failure)
Press: ? - help, Shift-Dir - straight line, f/p - Snorg
Aim: Snorg (moderately wounded, berserk, ally target, chance to affect: 29%) Snorg easily resists.
Snorg bites you. Snorg claws you but does no damage. x2
Casting: Slow (safe; 1% risk of failure)
Confirm with . or Enter, or press ? or * to list all spells.
Aiming: Slow (safe; 1% risk of failure)
Press: ? - help, Shift-Dir - straight line, f/p - Snorg
Aim: Snorg (moderately wounded, berserk, ally target, chance to affect: 29%) Snorg seems to slow down.
Snorg bites you!! Snorg claws you!! Snorg claws you.
Snorg attacks as you move away! Snorg bites you!
* * * LOW HITPOINT WARNING * * *
Snorg claws you!
* * * LOW HITPOINT WARNING * * *
Snorg claws you!
You die...

, *, #####..#+ , **
*##* #..#.....>.. , ,
*##.. , #..#........ *
, ,...# #..#<.^..... *
* #..# #..#........ *
#..# #..#..8..... *
#..# #..#....≈.?. ∆ ,,
, ###..# #..#....≈...
, *
#....#####.@Th.......
,
#.#........##########*
* * #.##########
######## #.# #)......
#.# #.###### #.# #.#
#.# #.# ###.### #.#
#.....# #.#


You could see Snorg (berserk, slow, ally target), a howler monkey and a friendly
lightning spire (summoned).

Vanquished Creatures
  3 two-headed ogres (D:10)
  Erica (D:9)
  An orange demon (D:10)
  A hornet (D:9)
  2 trolls
  A shadow (D:9)
  A vampire (D:9)
  16 yaks
  3 wyverns
  3 steam dragons
  2 orc warriors
  An ice beast (D:7)
  A sky beast (D:7)
  4 black bears
  2 ogres
  4 centaurs
  A kobold brigand (D:7)
  A phantom (D:6)
  3 gnoll sergeants
  A necrophage (D:6)
  3 bullfrogs
  4 scorpions
  8 wights
  A killer bee (D:10)
  4 howler monkeys (D:8)
  2 jellies
  A gnoll shaman (D:7)
  5 hounds
  An orc priest (D:7)
  5 orc wizards
  3 iguanas
  14 gnolls
  7 adders
  2 white imps
  An ufetubus (D:5)
  2 worms
  3 dart slugs
  21 orcs
  6 endoplasms
  A giant cockroach (D:2)
  5 goblins
  9 hobgoblins
  12 jackals
  6 kobolds
  3 quokkas
  7 ball pythons
  3 bats
  2 frilled lizards
  7 rats
200 creatures vanquished.

Vanquished Creatures (collateral kills)
  Amaemon (D:10)
  4 killer bees (D:10)
5 creatures vanquished.

Vanquished Creatures (others)
  An orc (D:8)
  17 fungi (D:9)
  17 plants (D:9)
35 creatures vanquished.

Grand Total: 240 creatures vanquished

Notes
Turn   | Place    | Note
-------+----------+-------------------------------------------
     0 | D:1      | greenreed the Gnoll Arcane Marksman began the quest for the
                  | Orb.
     0 | D:1      | Reached XP level 1. HP: 17/17 MP: 4/4
     6 | D:1      | Noticed a polar bear
     6 | D:1      | Noticed a swamp worm
     7 | D:1      | Noticed a salamander
   111 | D:1      | Reached XP level 2. HP: 23/23 MP: 5/5
   518 | D:1      | Found a faded altar of an unknown god.
   552 | D:1      | Reached XP level 3. HP: 28/28 MP: 7/7
   873 | D:2      | Reached skill level 1 in Invocations
  1495 | D:3      | Reached skill level 1 in Short Blades
  1495 | D:3      | Reached skill level 1 in Long Blades
  1495 | D:3      | Reached skill level 1 in Axes
  1495 | D:3      | Reached skill level 1 in Maces & Flails
  1495 | D:3      | Reached skill level 1 in Polearms
  1495 | D:3      | Reached skill level 1 in Staves
  1495 | D:3      | Reached skill level 1 in Slings
  1495 | D:3      | Reached skill level 1 in Bows
  1495 | D:3      | Reached skill level 1 in Throwing
  1495 | D:3      | Reached skill level 1 in Armour
  1495 | D:3      | Reached skill level 1 in Stealth
  1495 | D:3      | Reached skill level 1 in Shields
  1495 | D:3      | Reached skill level 1 in Unarmed Combat
  1495 | D:3      | Reached skill level 1 in Evocations
  1548 | D:3      | Reached XP level 4. HP: 34/34 MP: 8/8
  1642 | D:3      | Found a glowing golden altar of the Shining One.
  1925 | D:4      | Reached skill level 1 in Conjurations
  1925 | D:4      | Reached skill level 1 in Summonings
  1925 | D:4      | Reached skill level 1 in Necromancy
  1925 | D:4      | Reached skill level 1 in Translocations
  1925 | D:4      | Reached skill level 1 in Transmutations
  1925 | D:4      | Reached skill level 1 in Fire Magic
  1925 | D:4      | Reached skill level 1 in Ice Magic
  1925 | D:4      | Reached skill level 1 in Air Magic
  1925 | D:4      | Reached skill level 1 in Earth Magic
  1925 | D:4      | Reached skill level 1 in Poison Magic
  2003 | D:4      | Noticed an ogre
  2076 | D:4      | Identified the +1 leather armour of Context {Regen+ Int+3}
  2665 | D:4      | Reached XP level 5. HP: 40/40 MP: 9/9
  2830 | D:5      | Entered Level 5 of the Dungeon
  2936 | D:5      | Noticed an ogre
  2937 | D:5      | Found a staircase to the Ecumenical Temple.
  2940 | D:5      | Noticed a black bear
  2982 | D:4      | Reached XP level 6. HP: 23/47 MP: 10/10
  3124 | D:4      | Reached skill level 5 in Crossbows
  3124 | D:4      | Reached skill level 5 in Dodging
  3181 | Temple   | Entered the Ecumenical Temple
  3379 | Temple   | Became a worshipper of Ashenzari the Shackled
  3580 | D:5      | Killed a black bear
  3581 | D:5      | Reached XP level 7. HP: 45/52 MP: 12/12
  3591 | D:5      | Found an ornate altar of the Wu Jian Council.
  4047 | D:6      | Learned a level 3 spell: Confusing Touch
  4079 | D:6      | Reached XP level 8. HP: 50/60 MP: 14/14
  4230 | D:6      | Learned a level 2 spell: Ensorcelled Hibernation
  5014 | D:7      | Reached XP level 9. HP: 19/66 MP: 16/16
  5406 | D:7      | Reached skill level 5 in Spellcasting
  5567 | D:8      | Found Gebraom's Magic Scroll Boutique.
  5571 | D:8      | Bought a scroll of blinking for 120 gold pieces
  5625 | D:8      | Found Uroset's Distillery.
  5642 | D:8      | Bought a potion of heal wounds for 65 gold pieces
  5889 | D:8      | Reached skill level 5 in Fighting
  6207 | D:8      | Found Kaetimou's Antique Armour Boutique.
  6213 | D:8      | Bought a pair of runed boots for 180 gold pieces
  6447 | D:8      | Found a shimmering blue altar of Sif Muna.
  6456 | D:8      | Found a hazy altar of Hepliaklqana.
  6550 | D:8      | Reached skill level 5 in Invocations
  6769 | D:9      | Reached XP level 10. HP: 73/74 MP: 18/18
  6859 | D:9      | Reached skill level 5 in Short Blades
  6859 | D:9      | Reached skill level 5 in Long Blades
  6859 | D:9      | Reached skill level 5 in Axes
  6859 | D:9      | Reached skill level 5 in Maces & Flails
  6859 | D:9      | Reached skill level 5 in Polearms
  6859 | D:9      | Reached skill level 5 in Staves
  6859 | D:9      | Reached skill level 5 in Slings
  6859 | D:9      | Reached skill level 5 in Bows
  6859 | D:9      | Reached skill level 5 in Throwing
  6859 | D:9      | Reached skill level 5 in Armour
  6859 | D:9      | Reached skill level 5 in Stealth
  6859 | D:9      | Reached skill level 5 in Shields
  6859 | D:9      | Reached skill level 5 in Unarmed Combat
  6859 | D:9      | Reached skill level 5 in Evocations
  6880 | D:9      | Identified the +5 mace of Sunlight {protect, Drain rElec
                  | Stlth+}
  7065 | D:9      | Reached * piety under Ashenzari
  7264 | D:9      | Found a staircase to the Lair.
  7351 | D:9      | Found Ydalil's Gadget Gallery.
  7612 | D:10     | Entered Level 10 of the Dungeon
  7627 | D:10     | Noticed Erica
  7677 | D:9      | Killed Erica
  7883 | D:9      | Reached XP level 11. HP: 51/84 MP: 22/22
  8124 | D:10     | Noticed a two-headed ogre
  8158 | D:10     | Noticed Amaemon
  8225 | D:10     | Killed a two-headed ogre
  8226 | D:10     | Reached skill level 5 in Conjurations
  8226 | D:10     | Reached skill level 5 in Summonings
  8226 | D:10     | Reached skill level 5 in Necromancy
  8226 | D:10     | Reached skill level 5 in Translocations
  8226 | D:10     | Reached skill level 5 in Transmutations
  8226 | D:10     | Reached skill level 5 in Fire Magic
  8226 | D:10     | Reached skill level 5 in Ice Magic
  8226 | D:10     | Reached skill level 5 in Air Magic
  8226 | D:10     | Reached skill level 5 in Earth Magic
  8226 | D:10     | Reached skill level 5 in Poison Magic
  8246 | D:10     | Reached ** piety under Ashenzari
  8334 | D:10     | Noticed a two-headed ogre
  8373 | D:10     | Killed a two-headed ogre
  8488 | D:10     | Paralysed by a hornet for 2 turns
  8605 | D:9      | Paralysed by a hornet for 3 turns
  8889 | D:10     | Noticed a two-headed ogre
  8948 | D:10     | Killed a two-headed ogre
  9394 | D:9      | Learned a level 4 spell: Summon Lightning Spire
  9495 | D:10     | Killed Amaemon
  9680 | D:11     | Noticed Snorg
  9694 | D:11     | HP: 2/87 [Snorg (16)]
  9694 | D:11     | Mangled by Snorg

Illustrated notes

Levels and vault maps discovered:
D:1:      onia_arrival_zoo_common, layout_rooms,
          hellmonk_ecumenical_altar_lost_god, roderic_st_hans_cross
D:2:      layout_basic, moated_statue, palyth_stone_intersect,
          wad_floor_pattern_untrapped
D:3:      layout_basic, lemuel_round_altar
D:4:      layout_basic, grunt_ministairs_2
D:5:      layout_cave_pools, nzn_wu_jian_contemplation,
          minmay_temple_entry_glass
D:6:      layout_loops_cross
D:7:      layout_rooms, dreamdust_princess_bridge
D:8:      layout_rooms, mainiacjoe_overflow_swirl, serial_rivers,
          chequers_serial_rivers_micro_d, chequers_serial_rivers_micro_a,
          chequers_serial_rivers_micro_a, chequers_serial_rivers_micro_e,
          serial_shops, nicolae_shop_behind_doors, shop, kennysheep_little_box,
          chequers_serial_rivers_marsh
D:9:      layout_rooms, grunt_lair_entry_orc_guard_hut, nicolae_shop_gadgets
D:10:     layout_cross, uniq_amaemon, uniq_erica
D:11:     layout_basic, gammafunk_ghost_grave, uniq_snorg, uniq_maurice
Temple:   eino_narrow_crystal_temple

Skill      XL: |  1  2  3  4  5  6  7  8  9 10 11 |
---------------+----------------------------------+-----
Invocations    | 1 2 3 4 5 6 7 |  7.1
Short Blades   | 1 2 3 4 5 6 |  6.5
Long Blades    | 1 2 3 4 5 6 |  6.5
Axes           | 1 2 3 4 5 6 |  6.5
Maces & Flails | 1 2 3 4 5 6 |  6.5
Polearms       | 1 2 3 4 5 6 |  6.5
Staves         | 1 2 3 4 5 6 |  6.5
Slings         | 1 2 3 4 5 6 |  6.5
Bows           | 1 2 3 4 5 6 |  6.5
Throwing       | 1 2 3 4 5 6 |  6.5
Armour         | 1 2 3 4 5 6 |  6.5
Stealth        | 1 2 3 4 5 6 |  6.5
Shields        | 1 2 3 4 5 6 |  6.5
Unarmed Combat | 1 2 3 4 5 6 |  6.5
Evocations     | 1 2 3 4 5 6 |  6.5
Spellcasting   | 3 4 5 6 7 |  7.2
Conjurations   | 1 2 3 4 5 |  5.4
Summonings     | 1 2 3 4 5 |  5.4
Necromancy     | 1 2 3 4 5 |  5.4
Translocations | 1 2 3 4 5 |  5.4
Transmutations | 1 2 3 4 5 |  5.4
Fire Magic     | 1 2 3 4 5 |  5.4
Ice Magic      | 1 2 3 4 5 |  5.4
Air Magic      | 1 2 3 4 5 |  5.4
Earth Magic    | 1 2 3 4 5 |  5.4
Poison Magic   | 1 2 3 4 5 |  5.4
Fighting       | 3 4 5 6 7 |  7.1
Crossbows      | 5 6 7 8 |  8.0
Dodging        | 5 6 7 8 |  8.0
Hexes          | 6 7 |  7.8

Action                   |  1- 3 |  4- 6 |  7- 9 | 10-12 || total
-------------------------+-------+-------+-------+-------++-------
Melee: Hunting sling     |       |     4 |       |     2 ||     6
 Fire: Hand crossbow     |   128 |    73 |       |       ||   201
       Hunting sling     |       |   112 |   591 |   530 ||  1233
 Cast: Slow              |     1 |    16 |    28 |    58 ||   103
       Confusing Touch   |       |       |     2 |       ||     2
       Summon Lightning  |       |       |       |     3 ||     3
Invok: Curse Item        |       |       |     1 |     2 ||     3
Evoke: Box of beasts     |       |       |       |     1 ||     1
  Use: Potion            |       |     3 |     1 |     2 ||     6
       Scroll            |       |     5 |     4 |     1 ||    10
Armor: Robe              |    24 |    13 |       |       ||    37
       Leather armour    |       |    41 |   189 |   245 ||   475
Dodge: Dodged            |    38 |    88 |   304 |   342 ||   772

Table legend: (Time is in decaauts)
 A = Elapsed time spent in this place.
 B = Non-inter-level travel time spent in this place.
 C = Inter-level travel time spent in this place.
 D = Time resting spent in this place.
 E = Time spent auto-exploring this place.
 F = Levels seen in this place.
 G = Mean time per level.
                   A        B        C        D        E       F      G
               +--------+--------+--------+--------+--------+-----+--------+
         Total |  10126 |   9689 |    437 |    706 |   5186 |  12 |  843.8 |
       Dungeon |   9921 |   9497 |    424 |    706 |   5015 |  11 |  901.9 |
        Temple |    204 |    191 |     13 |      0 |    171 |   1 |  204.0 |
               +--------+--------+--------+--------+--------+-----+--------+

Top non-repeatable levels by time:
     D:9: 1520 daAuts
    D:10: 1225 daAuts
     D:4: 1204 daAuts
     D:6: 1139 daAuts
     D:8: 1099 daAuts
     D:7: 1051 daAuts
     D:2: 781 daAuts
     D:1: 731 daAuts
     D:5: 560 daAuts
     D:3: 421 daAuts
  Temple: 204 daAuts
    D:11: 186 daAuts
